General information
- name: BNet
- type: Ladder team game (AT/RT)
- host: Battle.net
- saver: STARWARSJEDI.
map: Mur'gulOasis
- players: 8
- length: 19:50
- speed: Fast
- version: 1.26 W3XP
- replay type: Public
» download(146 KB)
Players
team 1 (winner)

»
SoloDude (
orange | 58 APM | 1142 actions | 19:50)
8 Shadow Hunter
3 Healing Wave
3 Hex
1 Big Bad Voodoo
1 Serpent Ward
» actions
| Assign group hotkey | 26 | |
| Basic commands | 107 | |
| Build / train | 63 | |
| Enter build submenu | 15 | |
| Enter hero's abilities submenu | 8 | |
| Remove unit from queue | 1 | |
| Right click | 223 | |
| Select / deselect | 252 | |
| Select group hotkey | 384 | |
| Use ability | 63 | |
1142 total
» units
| Peon | 11 | |
| Grunt | 14 | |
| Troll Witch Doctor | 4 | |
| Shaman | 4 | |
33 total
» upgrades
| Armor | 3 | |
| Berserker Strength | 1 | |
| Witch Doctor Training | 2 | |
| Shaman Training | 2 | |
| Melee Weapons | 3 | |
| Pillage | 1 | |
12 total
» buildings
| Altar of Storms | 1 | |
| Orc Burrow | 8 | |
| Barracks | 1 | |
| Voodoo Lounge | 1 | |
| Stronghold | 1 | |
| War Mill | 1 | |
| Spirit Lodge | 2 | |
| Fortress | 1 | |
| Great Hall | 1 | |
17 total
» build order
00:06 Altar of Storms
00:21 Orc Burrow
01:06 Barracks
01:24 Orc Burrow
02:23 Voodoo Lounge
03:42 Stronghold
04:22 Orc Burrow
04:57 War Mill
06:42 Spirit Lodge
06:45 Spirit Lodge
06:50 Orc Burrow
07:27 Orc Burrow
08:31 Fortress
10:32 Orc Burrow
15:42 Orc Burrow
17:35 Orc Burrow
19:39 Great Hall
» items
| Scroll of Speed | 3 | |
| Healing Salve | 1 | |
| Scroll of Town Portal | 2 | |
6 total

»
ItWasYourFault (
purple | 133 APM | 2632 actions | 19:50)
6 Death Knight
3 Death Coil
1 Unholy Aura
1 Death Pact
1 Animate Dead
5 Lich
3 Frost Nova
1 Frost Armor
1 Dark Ritual
1 Crypt Lord
1 Impale
» actions
| Assign group hotkey | 140 | |
| Basic commands | 433 | |
| Build / train | 76 | |
| Enter build submenu | 19 | |
| Enter hero's abilities submenu | 13 | |
| Give item / drop item | 5 | |
| Remove unit from queue | 1 | |
| Right click | 616 | |
| Select / deselect | 743 | |
| Select group hotkey | 437 | |
| Use ability | 149 | |
2632 total
» units
| Acolyte | 7 | |
| Ghoul | 8 | |
| Crypt Fiend | 13 | |
| Obsidian Statue | 3 | |
31 total
» upgrades
| Web | 1 | |
| Burrow | 1 | |
| Creature Attack | 2 | |
| Destroyer Form | 1 | |
| Creature Carapace | 1 | |
6 total
» buildings
| Crypt | 1 | |
| Ziggurat | 8 | |
| Altar of Darkness | 1 | |
| Nerubian Tower | 3 | |
| Graveyard | 1 | |
| Tomb of Relics | 1 | |
| Halls of the Dead | 3 | |
| Slaughterhouse | 2 | |
| Black Citadel | 1 | |
| Sacrificial Pit | 1 | |
22 total
» build order
00:07 Crypt
00:14 Ziggurat
00:36 Ziggurat
00:57 Altar of Darkness
01:15 Nerubian Tower
01:53 Graveyard
02:34 Tomb of Relics
02:56 Nerubian Tower
03:34 Ziggurat
05:00 Halls of the Dead
05:01 Halls of the Dead
06:47 Ziggurat
06:47 Ziggurat
06:48 Ziggurat
07:07 Ziggurat
07:29 Slaughterhouse
07:33 Slaughterhouse
07:43 Nerubian Tower
10:31 Black Citadel
11:51 Sacrificial Pit
11:52 Ziggurat
» items
| Rod of Necromancy | 6 | |
| Boots of Speed | 1 | |
| Scroll of Town Portal | 1 | |
| Dust of Appearance | 1 | |
| Sacrificial Skull | 2 | |
| Potion of Healing | 2 | |
| Orb of Corruption | 3 | |
16 total
STARWARSJEDI. (
pink | 60 APM | 1185 actions | 19:50)
5 Blood Mage
3 Flame Strike
2 Siphon Mana
» actions
| Assign group hotkey | 50 | |
| Basic commands | 48 | |
| Build / train | 67 | |
| Enter build submenu | 18 | |
| Enter hero's abilities submenu | 5 | |
| Give item / drop item | 2 | |
| Remove unit from queue | 3 | |
| Right click | 405 | |
| Select / deselect | 150 | |
| Select group hotkey | 335 | |
| Use ability | 102 | |
1185 total
» units
| Peasant | 11 | |
| Sorceress | 5 | |
| Mortar Team | 7 | |
| Siege Engine | 1 | |
24 total
» upgrades
| Lumber Harvesting | 2 | |
| Masonry | 2 | |
| Sorceress Training | 2 | |
| Gunpowder | 3 | |
| Flare | 1 | |
| Fragmentation Shards | 1 | |
11 total
» buildings
| Altar of Kings | 1 | |
| Farm | 8 | |
| Scout Tower | 1 | |
| Arcane Vault | 2 | |
| Arcane Tower | 1 | |
| Keep | 2 | |
| Lumber Mill | 3 | |
| Castle | 1 | |
| Arcane Sanctum | 2 | |
| Blacksmith | 1 | |
| Guard Tower | 1 | |
| Workshop | 2 | |
25 total
» build order
00:07 Altar of Kings
00:25 Farm
01:39 Scout Tower
01:44 Farm
02:07 Arcane Vault
02:11 Arcane Tower
02:46 Keep
02:46 Keep
02:50 Lumber Mill
02:56 Lumber Mill
02:59 Lumber Mill
03:20 Farm
04:03 Arcane Vault
05:11 Castle
06:49 Arcane Sanctum
07:31 Blacksmith
08:12 Guard Tower
08:18 Arcane Sanctum
08:22 Farm
08:23 Farm
08:23 Farm
09:20 Workshop
09:20 Workshop
14:30 Farm
14:31 Farm
» items
| Scroll of Regeneration | 4 | |
| Potion of Healing | 1 | |
| Potion of Mana | 3 | |
| Ivory Tower | 2 | |
| Lesser Clarity Potion | 1 | |
| Staff of Teleportation | 1 | |
| Potion of Invisibility | 2 | |
| Scroll of Town Portal | 3 | |
17 total
Roll-Craft (
red | 58 APM | 1143 actions | 19:50)
3 Keeper of the Grove
2 Force of Nature
1 Entangling Roots
» actions
| Assign group hotkey | 26 | |
| Basic commands | 1 | |
| Build / train | 64 | |
| Enter build submenu | 18 | |
| Enter hero's abilities submenu | 3 | |
| Right click | 425 | |
| Select / deselect | 288 | |
| Select group hotkey | 270 | |
| Use ability | 48 | |
1143 total
» units
| Wisp | 26 | |
| Archer | 14 | |
| Dryad | 5 | |
| Druid of the Claw | 4 | |
49 total
» upgrades
| Reinforced Hides | 2 | |
| Strength of the Wild | 2 | |
| Druid of the Claw Training | 2 | |
| Abolish Magic | 2 | |
| Mark of the Claw | 1 | |
9 total
» buildings
| Moon Well | 6 | |
| Altar of Elders | 1 | |
| Ancient of War | 1 | |
| Hunter's Hall | 2 | |
| Tree of Ages | 1 | |
| Ancient Protector | 5 | |
| Ancient of Lore | 2 | |
| Tree of Eternity | 1 | |
19 total
» build order
00:20 Moon Well
00:22 Altar of Elders
00:29 Ancient of War
01:54 Moon Well
02:30 Moon Well
02:48 Hunter's Hall
03:07 Moon Well
04:00 Tree of Ages
06:51 Hunter's Hall
08:05 Ancient Protector
08:11 Ancient Protector
08:15 Ancient Protector
08:22 Ancient Protector
08:28 Ancient Protector
09:17 Ancient of Lore
09:21 Ancient of Lore
10:13 Tree of Eternity
12:21 Moon Well
17:52 Moon Well
team 2 (loser)

»
brianpeepers (
yellow | 66 APM | 1310 actions | 19:49)
5 Warden
2 Fan of Knives
3 Shadow Strike
» actions
| Assign group hotkey | 23 | |
| Basic commands | 146 | |
| Build / train | 62 | |
| Enter build submenu | 16 | |
| Enter hero's abilities submenu | 5 | |
| Remove unit from queue | 5 | |
| Right click | 268 | |
| Select / deselect | 418 | |
| Select group hotkey | 252 | |
| Use ability | 115 | |
1310 total
» units
| Wisp | 15 | |
| Archer | 13 | |
| Dryad | 7 | |
| Druid of the Claw | 2 | |
37 total
» upgrades
| Strength of the Wild | 2 | |
| Abolish Magic | 1 | |
| Reinforced Hides | 2 | |
| Druid of the Claw Training | 2 | |
| Mark of the Claw | 1 | |
8 total
» buildings
| Moon Well | 7 | |
| Altar of Elders | 1 | |
| Ancient of War | 1 | |
| Tree of Ages | 3 | |
| Hunter's Hall | 1 | |
| Ancient of Wonders | 1 | |
| Ancient of Lore | 2 | |
| Tree of Eternity | 2 | |
| Tree of Life | 2 | |
20 total
» build order
00:14 Moon Well
00:18 Altar of Elders
00:35 Ancient of War
01:38 Moon Well
02:28 Moon Well
03:28 Tree of Ages
03:28 Tree of Ages
04:10 Moon Well
05:08 Moon Well
05:31 Hunter's Hall
07:04 Ancient of Wonders
07:07 Ancient of Lore
07:10 Ancient of Lore
08:00 Moon Well
08:02 Moon Well
10:55 Tree of Eternity
10:55 Tree of Eternity
16:36 Tree of Life
17:18 Tree of Life
» items

»
Khanputer (
teal | 28 APM | 545 actions | 19:28)
5 Blademaster
1 Mirror Image
3 Wind Walk
1 Critical Strike
2 Tauren Chieftain
1 Endurance Aura
1 War Stomp
» actions
| Basic commands | 18 | |
| Build / train | 46 | |
| Enter build submenu | 19 | |
| Enter hero's abilities submenu | 7 | |
| Give item / drop item | 1 | |
| Right click | 197 | |
| Select / deselect | 207 | |
| Use ability | 50 | |
545 total
» units
» upgrades
| Armor | 3 | |
| Melee Weapons | 3 | |
| Pulverize | 1 | |
| Pillage | 1 | |
8 total
» buildings
| Orc Burrow | 9 | |
| Barracks | 1 | |
| Altar of Storms | 1 | |
| War Mill | 1 | |
| Stronghold | 1 | |
| Fortress | 1 | |
| Tauren Totem | 3 | |
17 total
» build order
00:21 Orc Burrow
00:36 Barracks
00:52 Altar of Storms
01:38 Orc Burrow
02:39 Orc Burrow
03:16 War Mill
04:11 Orc Burrow
05:12 Orc Burrow
05:25 Stronghold
06:12 Orc Burrow
07:10 Orc Burrow
07:52 Fortress
10:43 Tauren Totem
10:50 Tauren Totem
11:26 Tauren Totem
15:41 Orc Burrow
16:50 Orc Burrow
zNightFire (
blue | 34 APM | 677 actions | 19:44)
4 Priestess of the Moon
1 Searing Arrows
2 Trueshot Aura
1 Scout
» actions
| Assign group hotkey | 18 | |
| Build / train | 42 | |
| ESC pressed | 1 | |
| Enter build submenu | 19 | |
| Enter hero's abilities submenu | 3 | |
| Right click | 290 | |
| Select / deselect | 137 | |
| Select group hotkey | 145 | |
| Use ability | 22 | |
677 total
» units
| Wisp | 14 | |
| Archer | 4 | |
| Huntress | 5 | |
| Dryad | 6 | |
| Druid of the Talon | 4 | |
33 total
» upgrades
» buildings
| Moon Well | 6 | |
| Altar of Elders | 1 | |
| Hunter's Hall | 1 | |
| Tree of Ages | 1 | |
| Ancient of War | 1 | |
| Ancient Protector | 1 | |
| Ancient of Wonders | 1 | |
| Ancient of Lore | 2 | |
| Ancient of Wind | 2 | |
16 total
» build order
00:58 Moon Well
01:37 Altar of Elders
02:00 Hunter's Hall
02:37 Moon Well
03:18 Moon Well
05:09 Moon Well
05:48 Tree of Ages
06:03 Ancient of War
06:07 Moon Well
06:14 Ancient Protector
06:20 Ancient of Wonders
10:06 Moon Well
10:14 Ancient of Lore
11:47 Ancient of Wind
13:56 Ancient of Lore
14:05 Ancient of Wind
» items
| Lesser Clarity Potion | 1 | |
| Circlet of Nobility | 1 | |
2 total

»
your.moms.lover (
green | 30 APM | 570 actions | 19:05)
4 Archmage
2 Summon Water Elemental
2 Brilliance Aura
» actions
| Basic commands | 3 | |
| Build / train | 56 | |
| ESC pressed | 1 | |
| Enter build submenu | 17 | |
| Enter hero's abilities submenu | 4 | |
| Right click | 263 | |
| Select / deselect | 194 | |
| Use ability | 31 | |
570 total
» units
| Peasant | 18 | |
| Footman | 10 | |
| Knight | 10 | |
| Siege Engine | 4 | |
42 total
» upgrades
» buildings
| Altar of Kings | 1 | |
| Barracks | 1 | |
| Farm | 7 | |
| Keep | 1 | |
| Lumber Mill | 1 | |
| Arcane Vault | 1 | |
| Castle | 1 | |
| Blacksmith | 1 | |
| Workshop | 1 | |
| Scout Tower | 5 | |
| Guard Tower | 4 | |
24 total
» build order
00:13 Altar of Kings
00:17 Barracks
00:24 Farm
00:53 Farm
01:46 Farm
02:24 Farm
03:03 Farm
03:24 Keep
05:22 Lumber Mill
06:34 Arcane Vault
06:58 Castle
07:59 Blacksmith
10:17 Workshop
13:11 Scout Tower
13:45 Guard Tower
14:58 Scout Tower
14:59 Scout Tower
15:00 Scout Tower
15:01 Scout Tower
15:44 Guard Tower
16:29 Guard Tower
16:43 Farm
17:31 Farm
18:19 Guard Tower
» items
| Scroll of Regeneration | 1 | |
| Scroll of Town Portal | 1 | |
2 total
Chat log
(00:51 / Allies) SoloDude: units?
(00:54 / Allies) Roll-Craft: lets rush
(01:01 / Allies) Roll-Craft: archers to chims
(01:19 / Allies) ItWasYourFault: fiends
(01:23 / Allies) ItWasYourFault: and stuff
(01:31 / Allies) SoloDude: mele stuff
(01:44 / Allies) ItWasYourFault: but i already got stuff
(01:53 / Allies) SoloDude: lol what stuf
(01:54 / All) STARWARSJEDI.: totally honest here. im a pro and you guys are gonna get dominated
(01:58 / Allies) SoloDude: haha
(02:05 / Allies) SoloDude: haha oh man
(02:09 / Allies) SoloDude: u better
(02:14 / All) brianpeepers: must be a new account
(02:23 / All) STARWARSJEDI.: u must be a maphacker
(02:33 / All) brianpeepers: I wouldn't have a losing record if I was
(02:38 / All) brianpeepers: :(
(02:43 / All) STARWARSJEDI.: they do have losing recs tho
(02:57 / All) brianpeepers: then what is the point?
(03:10 / All) STARWARSJEDI.: a fair question
(03:14 / All) STARWARSJEDI.: my liege
(05:09 / Allies) SoloDude: spend?
(06:06 / Allies) SoloDude: TP ALLL
(06:32 / Allies) Roll-Craft: ty
(07:08 / Allies) SoloDude: units man
(07:10 / Allies) SoloDude: or we die lol
(07:53 / Allies) STARWARSJEDI.: wood?
(09:38 / All) STARWARSJEDI.: hacking proof #1
(11:25 / Allies) SoloDude: goi>?
(11:29 / Allies) Roll-Craft: yes]
(12:33 / Allies) SoloDude: hury
(13:32 / Allies) SoloDude: gather?
(13:42 / Allies) SoloDude: red get tp
(14:14 / Allies) STARWARSJEDI.: get b
(14:15 / Allies) STARWARSJEDI.: wow
(14:40 / Allies) STARWARSJEDI.: taing his hall out now
(14:50 / Allies) SoloDude: heal
(15:30 / Allies) SoloDude: clean?
(15:44 / Allies) SoloDude: nasty
(16:48 / Allies) SoloDude: tpo?
(16:53 / Allies) ItWasYourFault: no
(16:55 / All) brianpeepers: gg
(17:00 / All) STARWARSJEDI.: im a pro!
(17:11 / All) brianpeepers: well done
(17:14 / All) STARWARSJEDI.: ty
(19:24 / Allies) ItWasYourFault: thx
(19:31 / Allies) STARWARSJEDI.: u welcome brother
(19:46 / Allies) Roll-Craft: sorry I didn't go chims like I planned
(19:47 / Allies) SoloDude: gg!